 Dungeon Sprint DCSS version 0.28-a0-909-g796cbd3a86 (webtiles) character file.

Game seed: 10009110720101120849

346 mhtbhm the Protected (level 6, -13/63 HPs)
             Began as a Minotaur Fighter on Nov 24, 2021.
             Was an Initiate of Gozag.
             Mangled by a red devil (22 damage)
             ... summoned by a kobold demonologist
             ... in the Dungeon (Sprint IX: "|||||||||||||||||||||||||||||").
             The game lasted 00:01:02 (213 turns).

mhtbhm the Protected (Minotaur Fighter)              Turns: 213, Time: 00:01:03

Health: -13/63     AC: 15    Str: 23    XL:     6   Next: 32%
Magic:  5/5        EV:  9    Int:  8    God:    Gozag
Gold:   0          SH:  5    Dex:  9    Spells: 5/5 levels left

rFire   . . .      SeeInvis .   a - +2 scimitar (holy)
rCold   . . .      Faith    .   c - +0 buckler
rNeg    . . .      Spirit   .   b - +1 chain mail
rPois   .          Reflect  .   (helmet restricted)
rElec   .          Harm     .   (no cloak)
rCorr   .          Rampage  .   m - +0 pair of gloves
Will    .....      NoTele   +   (no boots)
Stlth   ..........              (no amulet)
HPRegen 0.20/turn               n - +3 ring of intelligence
MPRegen 0.09/turn               o - +2 ring of protection

@: spiked, slowed, very slow
A: horns 2, retaliatory headbutt
a: Renounce Religion, Potion Petition, Call Merchant, Bribe Branch


You were in the Dungeon.
You worshipped Gozag.
Gozag was noncommittal.
You visited 1 branch

Inventory:

Hand Weapons
 a - a +2 scimitar of holy wrath (weapon)
Armour
 b - a +1 chain mail (worn)
 c - a +0 buckler (worn)
 m - a +0 pair of gloves (worn)
Jewellery
 n - a +3 ring of intelligence (left hand)
 o - a +2 ring of protection (right hand)
Wands
 l - a wand of iceblast (8)
Scrolls
 j - 2 scrolls of blinking
 k - 2 scrolls of amnesia
Potions
 d - a potion of might
 e - 5 potions of curing
 f - 2 potions of heal wounds
 g - a potion of haste
 h - 4 potions of magic


   Skills:
 + Level 9.0 Fighting
 + Level 8.0 Long Blades
 + Level 9.5 Armour
 + Level 2.4 Dodging
 + Level 0.4 Stealth
 + Level 7.9 Shields


You had 5 spell levels left.
You didn't know any spells.
Your spell library was empty.

Dungeon Overview and Level Annotations

Branches:
Dungeon (1/1)

Altars:
Cheibriados
Dithmenos
Elyvilon
Fedhas
Gozag
Hepliaklqana
Kikubaaqudgha
Makhleb
Nemelex Xobeh
Okawaru
Qazlal
Ru
Sif Muna
Trog
Uskayaw
Vehumet
Wu Jian
Xom
Yredelemnul
Zin
The Shining One
Beogh
Jiyva
Lugonu


Innate Abilities, Weirdness & Mutations

You have a pair of horns on your head.
You reflexively headbutt those who attack you in melee.


Message History

You barely miss the kobold demonologist.
The kobold demonologist is heavily wounded.
The red devil hits you with a +2 vampiric demon trident!
* * * LOW HITPOINT WARNING * * *
Barbed spikes become lodged in your body.
The kobold demonologist mumbles some strange words.
The red devil misses you.
You hit the kobold demonologist.
The kobold demonologist is severely wounded.
You block the kobold demonologist's attack.
The red devil closely misses you. You furiously retaliate!
You headbutt the red devil.
The kobold demonologist hits you but does no damage.
You barely miss the kobold demonologist.
The kobold demonologist is severely wounded.
The red devil barely misses you.
The kobold demonologist hits you with a +0 dagger.
* * * LOW HITPOINT WARNING * * *
The red devil closely misses you. You furiously retaliate!
You headbutt the red devil, but do no damage.
You miss the kobold demonologist.
The kobold demonologist is severely wounded.
You carefully extract the barbed spikes from your body.
You flicker back into view.
The kobold demonologist barely misses you.
You furiously retaliate!
You headbutt the kobold demonologist! The red devil barely misses you.
The kobold demonologist gestures wildly while chanting.
Unknown command.
You barely miss the kobold demonologist.
Your headbutt misses the kobold demonologist.
The kobold demonologist is almost dead.
The red devil hits you with a +2 vampiric demon trident.
* * * LOW HITPOINT WARNING * * *
Barbed spikes become lodged in your body.
The red devil draws strength from your wounds!
The kobold demonologist hits you but does no damage.
The red devil hits you with a +2 vampiric demon trident!!
You die...
Your body crumbles into a pile of gold. ▓▓▓▓▓▓▓▓▓▓▓▓▓▓▓▓▓▓▓▓▓▓▓▓ ______'..)..[..4@Kl5...+ ▓▓▓▓▓▓▓▓▓▓▓▓▓▓▓▓▓▓▓▓▓▓▓▓ $ $ $$$$$ $$$$$ $ $ $ $$$$$

You could see a kobold demonologist, a red devil (summoned), a wyvern and an ufetubus (summoned).

Vanquished Creatures
  A wraith (D)
  A scorpion (D)
  2 killer bees (D)
  An orc priest (D)
  A gnoll (D)
  A shadow imp (D)
  A bat skeleton (D)
  An endoplasm (D)
  2 hobgoblins (D)
  A ball python (D)
  A ball python zombie (D)
  A bat (D)
14 creatures vanquished.

Notes
Turn   | Place    | Note
-------+----------+-------------------------------------------
     0 | D        | mhtbhm the Minotaur Fighter began the quest for the Orb.
     0 | D        | Reached XP level 1. HP: 19/19 MP: 0/0
   101 | D        | Noticed a scorpion
   104 | D        | Reached skill level 5 in Armour
   104 | D        | Reached XP level 2. HP: 28/28 MP: 1/1
   108 | D        | Reached skill level 5 in Fighting
   109 | D        | Killed a scorpion
   110 | D        | Reached skill level 1 in Dodging
   110 | D        | Reached skill level 5 in Shields
   110 | D        | Reached XP level 3. HP: 38/38 MP: 2/2
   110 | D        | Reached XP level 4. HP: 45/45 MP: 3/3
   115 | D        | Found a snail-covered altar of Cheibriados.
   115 | D        | Found a shadowy altar of Dithmenos.
   115 | D        | Found a white marble altar of Elyvilon.
   115 | D        | Found a blossoming altar of Fedhas.
   115 | D        | Found an opulent altar of Gozag.
   116 | D        | Found a hazy altar of Hepliaklqana.
   117 | D        | Found a viscous altar of Jiyva.
   118 | D        | Found an ancient bone altar of Kikubaaqudgha.
   119 | D        | Found a corrupted altar of Lugonu.
   120 | D        | Found a burning altar of Makhleb.
   121 | D        | Found a sparkling altar of Nemelex Xobeh.
   122 | D        | Found an iron altar of Okawaru.
   123 | D        | Found a stormy altar of Qazlal.
   125 | D        | Became a worshipper of Gozag Ym Sagoz the Greedy
   127 | D        | Found a sacrificial altar of Ru.
   128 | D        | Found a shimmering blue altar of Sif Muna.
   129 | D        | Found a bloodstained altar of Trog.
   130 | D        | Found a hide-covered altar of Uskayaw.
   131 | D        | Found a radiant altar of Vehumet.
   132 | D        | Found an ornate altar of the Wu Jian Council.
   133 | D        | Found a shimmering altar of Xom.
   134 | D        | Found a basalt altar of Yredelemnul.
   135 | D        | Found a glowing silver altar of Zin.
   136 | D        | Found a glowing golden altar of the Shining One.
   183 | D        | Noticed a wraith
   183 | D        | Noticed a kobold demonologist
   183 | D        | Noticed a wyvern
   189 | D        | Reached skill level 5 in Long Blades
   196 | D        | Killed a wraith
   197 | D        | Reached XP level 5. HP: 9/56 MP: 4/4
   201 | D        | Reached XP level 6. HP: 28/62 MP: 5/5
   208 | D        | Noticed a red devil
   213 | D        | Mangled by a red devil

Illustrated notes

Levels and vault maps discovered:
D:        linesprint [early_d, line_temple, items_1, d_10, items_2, lair_1,
          lair_end, items_3, orc_1, orc_end, items_4, d_15, swamp_1, shoals_1,
          snake_1, spider_1, d_20, vaults_1, items_5, swamp_end, shoals_end,
          snake_end, spider_end, vaults_end, d_27, items_6, zot_1, zot_end,
          crypt_end, forest_end, elf_end, slime_end, tomb_end, abyss_end,
          pan_hell_end]

Skill      XL: |  1  2  3  4  5  6 |
---------------+-------------------+-----
Fighting       | 4 6 8 9 |  9.0
Armour         | 5 6 8 9 |  9.5
Shields        | 4 5 7 |  7.9
Long Blades    | 3 4 7 8 |  8.0
Dodging        | 1 2 |  2.4
Stealth        | |  0.4

Action                   |  1- 3 |  4- 6 || total
-------------------------+-------+-------++-------
Melee: Long sword        |    17 |     1 ||    18
       Headbutt          |     4 |     3 ||     7
       Scimitar          |       |    25 ||    25
Evoke: Wand              |       |     2 ||     2
  Use: Potion            |     1 |     2 ||     3
 Stab: Invisible         |       |     1 ||     1
Armor: Scale mail        |     8 |       ||     8
       Chain mail        |       |    14 ||    14
Dodge: Dodged            |     6 |    14 ||    20
Block: Buckler           |     2 |     4 ||     6

Table legend: (Time is in decaauts)
 A = Elapsed time spent in this place.
 B = Non-inter-level travel time spent in this place.
 C = Inter-level travel time spent in this place.
 D = Time resting spent in this place.
 E = Time spent auto-exploring this place.
 F = Levels seen in this place.
 G = Mean time per level.
                   A        B        C        D        E       F      G
               +--------+--------+--------+--------+--------+-----+--------+
         Total |    233 |    233 |      0 |     79 |      3 |   1 |  233.0 |
       Dungeon |    233 |    233 |      0 |     79 |      3 |   1 |  233.0 |
               +--------+--------+--------+--------+--------+-----+--------+

Top non-repeatable levels by time:
       D: 233 daAuts
